 Dungeon Crawl Stone Soup version 0.22-a0-423-g4197694 (webtiles) character file.

229 Veiltonx the Grave Robber (level 5, -15/38 HPs)
             Began as a Demonspawn Necromancer on May 23, 2018.
             Demolished by an ogre
             ... wielding a +0 giant spiked club
              (20 damage)
             ... on level 4 of the Dungeon.
             The game lasted 00:13:39 (3760 turns).

Veiltonx the Grave Robber (Demonspawn Necromancer)  Turns: 3760, Time: 00:13:40

Health: -15/38     AC:  5    Str: 11    XL:     5   Next: 71%
Magic:  4/10       EV: 12    Int: 17    God:
Gold:   149        SH:  4    Dex: 13    Spells: 4/10 levels left

rFire    . . .     SeeInvis .   w - +2 dagger (speed)
rCold    . . .     Gourm    .   (no shield)
rNeg     . . .     Faith    .   a - +0 robe
rPois    .         Spirit   .   t - +0 helmet
rElec    .         Reflect  .   (no cloak)
rCorr    .         Harm     .   j - +0 pair of gloves
MR       .....                  f - +0 pair of boots
Stlth    +++.......             (no amulet)
HPRegen  0.12/turn              r - +2 ring of strength
MPRegen  0.12/turn              (no ring)

@: no status effects
A: large bone plates 1, nightstalker 1, spiny 1
a: no special abilities


You were on level 4 of the Dungeon.
You were very hungry.

You visited 1 branch of the dungeon, and saw 4 of its levels.

You collected 149 gold pieces.

Inventory:

Hand Weapons
 n - a +0 short sword of venom
 s - a +1 dagger of venom
 w - a +2 dagger of speed (weapon)
Armour
 a - a +0 robe (worn)
 f - a +0 pair of boots (worn)
 j - a +0 pair of gloves (worn)
 t - a +0 helmet (worn)
 v - a +0 buckler
Jewellery
 r - a +2 ring of strength (left hand)
Wands
 m - a wand of flame (28)
Scrolls
 e - 2 scrolls of identify {unknown}
 i - 2 scrolls of amnesia {unknown}
 l - a scroll of immolation {unknown}
 p - a scroll of enchant weapon {unknown}
Potions
 b - 2 potions of curing {unknown}
 d - 2 potions of invisibility {unknown}
 g - a potion of haste {unknown}
 h - a potion of degeneration {unknown}
 k - a potion of flight {unknown}
 o - a potion of cancellation {unknown}
 q - a potion of lignification {unknown}
 u - 2 potions of brilliance {unknown}
Comestibles
 c - 5 rations


   Skills:
 - Level 2.0 Fighting
 + Level 1.8 Short Blades
 - Level 1.4 Armour
 - Level 2.0 Dodging
 - Level 2.0 Stealth
 + Level 0.9 Shields
 + Level 3.4 Spellcasting
 - Level 5.0 Necromancy


You had 4 spell levels left.
You knew the following spells:

 Your Spells              Type           Power        Failure   Level  Hunger
a - Pain                  Necr           ###.         2%          1    None
b - Animate Skeleton      Necr           N/A          2%          1    None
c - Animate Dead          Necr           N/A          22%         4    ####...

Your spell library contained the following spells:

 Spells                   Type           Power        Failure   Level  Hunger
 Vampiric Draining        Necr           ###.......   6%          3    ###....
 Regeneration             Chrm/Necr      ##........   19%         3    ###....


Dungeon Overview and Level Annotations

Branches:
Dungeon (4/15)
 Temple: D:4-7

Altars:
Fedhas
Hepliaklqana

Annotations:
D:4 exclusion: upstairs, Curus's ghost, novice MfTm


Innate Abilities, Weirdness & Mutations

You are partially covered in large bone plates. (SH +4)
You are slightly more attuned to the shadows.
You are partially covered in sharp spines.


Message History

Aim: an ogre, wielding a giant spiked club (heavily wounded, chance to defeat MR: 78%)
The ogre writhes in agony!
Casting: Pain (safe; 2% risk of failure)
Confirm with . or Enter, or press ? or * to list all spells.
Aiming: Pain (safe; 2% risk of failure)
Press: ? - help, Shift-Dir - straight line, f/p - ogre
Aim: an ogre, wielding a giant spiked club (heavily wounded, chance to defeat MR: 78%)
The ogre barely resists.
The ogre is struck by your spines.
The ogre hits you with a giant spiked club!!
Ouch! That really hurt!
* * * LOW HITPOINT WARNING * * *
Casting: Pain (safe; 2% risk of failure)
Confirm with . or Enter, or press ? or * to list all spells.
Aiming: Pain (safe; 2% risk of failure)
Press: ? - help, Shift-Dir - straight line, f/p - ogre
Aim: an ogre, wielding a giant spiked club (almost dead, chance to defeat MR: 78%)
The ogre barely resists.
The ogre is struck by your spines.
The ogre hits you with a giant spiked club!!
Ouch! That really hurt!
You die...

########################
........................
................@O.?....
........................
........................
.)).....................
........................
........................
........................
........... ...........


You could see an ogre.

Vanquished Creatures
  An iguana (D:4)
  A worker ant (D:3)
  Robin (D:3)
  7 adders
  An adder skeleton (D:4)
  3 worms (D:2)
  A dart slug (D:1)
  7 orcs
  3 giant cockroaches
  13 goblins
  14 hobgoblins
  2 jackals (D:3)
  9 kobolds
  4 quokkas
  2 ball pythons (D:1)
  8 bats
  6 frilled lizards
  4 rats
87 creatures vanquished.

Vanquished Creatures (collateral kills)
  A goblin (D:3)
  A hobgoblin (D:3)
  2 jackals (D:3)
  A leopard gecko skeleton (D:4)
5 creatures vanquished.

Grand Total: 92 creatures vanquished

Notes
Turn   | Place    | Note
-------+----------+-------------------------------------------
     0 | D:1      | Veiltonx the Demonspawn Necromancer began the quest for the Orb.
     0 | D:1      | Reached XP level 1. HP: 13/13 MP: 3/3
   344 | D:1      | Gained mutation: You are partially covered in large bone plates. (SH +4) [demonic ancestry]
   344 | D:1      | Reached XP level 2. HP: 19/19 MP: 3/5
   962 | D:1      | Reached skill level 1 in Fighting
   962 | D:1      | Gained mutation: You are partially covered in sharp spines. [demonic ancestry]
   962 | D:1      | Reached XP level 3. HP: 26/26 MP: 4/6
  2094 | D:2      | Reached skill level 5 in Necromancy
  2246 | D:2      | Gained mutation: You are slightly more attuned to the shadows. [demonic ancestry]
  2246 | D:2      | Reached XP level 4. HP: 26/32 MP: 5/8
  2588 | D:3      | Noticed Robin
  2605 | D:3      | Killed Robin
  2614 | D:3      | Learned a level 1 spell: Animate Skeleton
  2619 | D:3      | Learned a level 4 spell: Animate Dead
  2759 | D:3      | Reached skill level 1 in Armour
  2783 | D:3      | Reached skill level 1 in Short Blades
  2958 | D:3      | Reached XP level 5. HP: 38/38 MP: 9/9
  3157 | D:3      | Found a blossoming altar of Fedhas.
  3434 | D:4      | Noticed Curus's ghost (novice MfTm)
  3441 | D:4      | Found a hazy altar of Hepliaklqana.
  3751 | D:4      | Noticed an ogre
  3760 | D:4      | Demolished by an ogre

Vault maps used:
D:1:      lightli_arrival_noodles, minmay_misc_feat_x
D:2:      grunt_decor_arrowhead
D:3:      first_ration, fedhas_altar_3, uniq_robin
D:4:      nicolae_overflow_hidden_temple, uniq_grinder, uniq_pikel

Skill      XL: |  1  2  3  4 |
---------------+-------------+-----
Stealth        | 2 |  2.0
Dodging        | 2 |  2.0
Fighting       | 1 2 |  2.0
Necromancy     | 5 |  5.0
Armour         | 1 |  1.4
Spellcasting   | 3 |  3.4
Short Blades   | 1 |  1.8
Shields        | |  0.9

Action                   |  1- 3 |  4- 6 || total
-------------------------+-------+-------++-------
Melee: Dagger            |    96 |    54 ||   150
       Short sword       |    10 |    39 ||    49
 Cast: Pain              |    44 |    27 ||    71
       Animate Skeleton  |       |     4 ||     4
       Animate Dead      |       |     4 ||     4
 Stab: Sleeping          |     5 |     7 ||    12
  Eat: Chunk             |     5 |     4 ||     9
Armor: Robe              |    18 |    20 ||    38
Dodge: Dodged            |    66 |    43 ||   109
Block: Other             |    16 |    11 ||    27

Table legend:
 A = Spawn XP
 B = Non-spawn XP
 C = Spawn XP percentage of total XP
 D = Spawn monster count
 E = Non-spawn monster count
 F = Spawn count percentage of total count
 G = Total turns spent on level
                    A         B        C        D         E        F      G
               +---------+---------+-------+---------+---------+-------+---------
         Total |       0 |     328 |   0.0 |       0 |      92 |   0.0 |  3760
               +---------+---------+-------+---------+---------+-------+---------
           D:1 |       0 |      46 |   0.0 |       0 |      26 |   0.0 |  1432
           D:2 |       0 |      68 |   0.0 |       0 |      20 |   0.0 |  1115
           D:3 |       0 |     164 |   0.0 |       0 |      38 |   0.0 |   918
           D:4 |       0 |      50 |   0.0 |       0 |       8 |   0.0 |   295
               +---------+---------+-------+---------+---------+-------+---------
